AoeStats
← Ghocks

Arena

508500956Analyzed
4v4 RM · 9d ago on Sep 22, 2026· 16m 54s· 8 players
Game mode
Random Map
Map size
Large (8 player)
Population
200
Speed
Normal
Resources
Standard
Victory
Conquest
Starting age
Dark Age
Ending age
Imperial Age
RankedLock teamsTeams togetherTeam positionsShared explorationLock speedFull tech treeHidden civsTurbo modeCheats
Victory
Defeat
🇹🇼 Danes · Taiwan
1080
+19
🇬🇧 Cumans · United Kingdom
1078
+19
🇬🇧 Saxons · United Kingdom
1061
+20
🇻🇪 Bohemians · Venezuela
1053
+20
🇹🇷 Poles · Türkiye
1193
-20
🇹🇷 Varangians · Türkiye
1176
-21
🇹🇷 Hindustanis · Türkiye
1168
-20
🇹🇷 Britons · Türkiye
1081
-17
小佑
8:58 Feudal Age
9:24 Horse Collar
9:33 Double-Bit Axe
11:55 Loom
16:56 Castle Age
16:15 Arson
Arran
10:26 Feudal Age
11:33 Double-Bit Axe
17:02 Loom
dejame_ganar
4:55 Loom
10:56 Feudal Age
14:35 Castle Age
13:09 Double-Bit Axe
16:41 Town Watch
Quantum rage
10:36 Feudal Age
12:48 Man-at-Arms
14:16 Scale Mail Armor
baha
10:39 Feudal Age
12:16 Loom
14:51 Castle Age
dinosah
0:33 Loom
12:08 Feudal Age
17:33 Castle Age
Ghocks
9:33 Feudal Age
14:43 Castle Age
12:42 Double-Bit Axe
14:08 Horse Collar
ulasinberg
11:11 Feudal Age
14:59 Castle Age
13:30 Double-Bit Axe
16:12 Loom
Connection lost

Rejoining the realm…

Still unreachable

The connection could not be restored.

Session expired

The server has moved on; the page needs a fresh start.